 Dungeon Crawl Stone Soup version 0.28.0-1-gb440e238dd (webtiles) character file.

Game seed: 3969112845016755411

25 bigjeff5 the Ducker (level 2, 29/29 HPs)
             Began as a Troll Berserker on Feb 21, 2022.
             Was a Believer of Trog.
             Quit the game on level 1 of the Dungeon.
             The game lasted 00:22:34 (922 turns).

bigjeff5 the Ducker (Troll Berserker)                Turns: 922, Time: 00:22:35

Health: 29/29      AC:  4    Str: 24    XL:     2   Next: 82%
Magic:  1/1        EV: 10    Int:  3    God:    Trog [**....]
Gold:   10         SH:  0    Dex:  9    Spells: 1/1 levels left

rFire   . . .      SeeInvis .     - Unarmed
rCold   . . .      Faith    .   (no shield)
rNeg    . . .      Spirit   .   b - +0 animal skin
rPois   .          Reflect  .   (helmet restricted)
rElec   .          Harm     .   (no cloak)
rCorr   .          Rampage  .   (gloves unavailable)
Will    .....                   (boots unavailable)
Stlth   +.........              (no amulet)
HPRegen 0.89/turn               (no ring)
MPRegen 0.07/turn               (no ring)

@: no status effects
A: large, unfitting armour, claws 3, regeneration 1, shaggy fur 1, tough skin 1
a: Renounce Religion, Berserk, Trog's Hand


You were on level 1 of the Dungeon.
You worshipped Trog.
Trog was pleased with you.
You visited 1 branch of the dungeon, and saw 1 of its levels.

You collected 10 gold pieces.

Inventory:

Hand Weapons
 a - a +0 mace
Missiles
 c - 11 stones
 g - 6 poisoned darts (quivered)
Armour
 b - a +0 animal skin (worn)
 h - a +0 ring mail
Jewellery
 e - a ring of fire
Potions
 d - 2 potions of curing {unknown}
 f - a potion of haste {unknown}


   Skills:
 - Level 2.4 Fighting
 - Level 2.6 Maces & Flails
 + Level 2.9 Dodging
 + Level 1.7 Unarmed Combat


You had one spell level left.
You didn't know any spells.
Your spell library was empty.

Dungeon Overview and Level Annotations

Branches:
Dungeon (1/15)

Altars:

Shops:
D:1 *


Innate Abilities, Weirdness & Mutations

You are too large for most types of armour.
You have claws for hands.
Your natural rate of healing is unusually fast.
You are covered in fur. (AC +1)
You have tough skin. (AC +1)


Message History

The quokka barely misses you.
You closely miss the quokka.
The quokka is heavily wounded.
The quokka bites you.
You closely miss the quokka.
The quokka is heavily wounded.
The quokka bites you.
You barely miss the quokka.
The quokka is heavily wounded.
The quokka barely misses you.
You scratch the quokka.
You kill the quokka!
Trog accepts your kill.
You claw the goblin!
You kill the goblin!
Trog accepts your kill.
Things that are here:
a +0 dagger; a quokka corpse
Things that are here:
a +0 dagger; a quokka corpse
Found 5 gold pieces.
Found a scroll labelled LYUMPAILO.
You now have 10 gold pieces (gained 5).
Things that are here:
a +0 dagger; a quokka corpse
There is a stone staircase leading down here.
A bat comes into view.
The bat hits you but does no damage. x2
You barely miss the bat. The bat hits you but does no damage.
You claw the bat!
You kill the bat!
Trog accepts your kill.
Found a scroll labelled JEKEUQ JAOSIST.
You open the door.
You see here a +0 dagger.
There is a stone staircase leading down here.
Unknown command.
Unknown command.
Unknown command.
Are you sure you want to abandon this character and quit the game? (Confirm with "yes".)

#.# #...# #.# ####...# #.#
#.##...# #.# #.##...# #########.#
###.##...#### #.......#)#
#.#.##......#
########.......#.###.#.##......#
#....................#.##......##
#......#.......#@.)..............
...............#####.#.##..##..##
#..............## ##.#.##......##
#..............)# #....##.......#
#...............# #....##.....#.#
######..........# #....##..####.#
#..........# #....##..####.#
#..........# #....##.....#.#
#..........# #.#.##.....#.#


There were no monsters in sight!

Vanquished Creatures
  A dart slug (D:1)
  An endoplasm (D:1)
  5 goblins (D:1)
  2 hobgoblins (D:1)
  A quokka (D:1)
  2 ball pythons (D:1)
  2 bats (D:1)
  A frilled lizard (D:1)
  5 kobolds (D:1)
  2 rats (D:1)
22 creatures vanquished.

Notes
Turn   | Place    | Note
-------+----------+-------------------------------------------
     0 | D:1      | bigjeff5 the Troll Berserker began the quest for the Orb.
     0 | D:1      | Reached XP level 1. HP: 22/22 MP: 0/0
   137 | D:1      | Reached skill level 1 in Unarmed Combat
   166 | D:1      | Reached XP level 2. HP: 29/29 MP: 1/1
   291 | D:1      | Found Ciuniqoon's Assorted Antiques.
   388 | D:1      | Found a faded altar of an unknown god.
   655 | D:1      | Reached ** piety under Trog
   922 | D:1      | Quit the game

Illustrated notes

Levels and vault maps discovered:
D:1:      lightli_arrival_chessboard, layout_basic,
          chequers_ecumenical_altar_island, serial_shops,
          nicolae_shop_window_shopping

Skill      XL: |  1 |
---------------+----+-----
Unarmed Combat | 1 |  1.7
Fighting       | |  2.4
Maces & Flails | |  2.6
Dodging        | |  2.9

Action                   || total
-------------------------++-------
Melee: Unarmed           ||    51
Throw: Stone             ||    12
       Dart              ||     1
Armor: Animal skin       ||    14
Dodge: Dodged            ||    17
